| TOP OF THE 1ST |
|
Baltimore (APP) Orioles batting - Pitching for Burlington Royals : LHP Brett Reed
|
|
Pitching: LHP Brett Reed
|
|
|
Batting: SHB Chris Wright
|
0-0: Called Strike 0-1: Called Strike 0-2: Strikes out swinging
|
|
Batting: RHB Wes Reynolds
|
0-0: Ball 1-0: Foul Ball, location: 2F 1-1: Ball 2-1: Ball 3-1: Base on Balls
|
|
Batting: LHB Sam Williams
|
0-0: Ball 1-0: Ball 2-0: Foul Ball, location: 2F 2-1: Ball 3-1: Foul Ball, location: 2F 3-2: Foul Ball, location: 2F 3-2: Base on Balls Wes Reynolds to second
|
|
Batting: RHB Wil Ochoa
|
0-0: Ball Wild Pitch! Wes Reynolds to third Sam Williams to second 1-0: Ball 2-0: Called Strike 2-1: Ball 3-1: Base on Balls
|
|
Pitching: RHP Nam Phong
|
|
|
Batting: LHB Keith Long
|
0-0: Ball 1-0: Ball 2-0: Ball 3-0: Base on Balls Wes Reynolds scores Sam Williams to third Wil Ochoa to second
|
|
Batting: RHB Matthew Neal
|
0-0: Called Strike 0-1: Hit by Pitch Sam Williams scores Wil Ochoa to third Keith Long to second
|
|
Batting: LHB Ralph Braine
|
0-0: Ball 1-0: Ball 2-0: Ball 3-0: Base on Balls Wil Ochoa scores Keith Long to third Matthew Neal to second
|
|
Batting: RHB Ismael Macedo
|
0-0: SINGLE (Line Drive, 6M, EV 105.6 MPH) Keith Long scores Matthew Neal to third Ralph Braine to second
|
|
Batting: RHB Marquis Major
|
0-0: Ball 1-0: Ball 2-0: Ball 3-0: Base on Balls Matthew Neal scores Ralph Braine to third Ismael Macedo to second
|
|
Batting: SHB Chris Wright
|
0-0: Ball 1-0: Foul Ball, location: 2F 1-1: Foul Ball, location: 2F 1-2: Foul Ball, location: 2F 1-2: Ball 2-2: Foul Ball, location: 2F 2-2: SINGLE (Groundball, 34D, EV 103.8 MPH) - runner OUT being hit by batted ball. (infield hit)
|
|
Pitching: RHP Kolenka Leschenya
|
|
|
Batting: RHB Wes Reynolds
|
0-0: Ball 1-0: Ball 2-0: Fly out, F7 (Line Drive, 7S, EV 89.4 MPH)
|
| Top of the 1st over - 5 runs, 2 hits, 0 errors, 3 left on base; Baltimore (APP) 5 - Burlington 0 |
| BOTTOM OF THE 1ST |
|
Burlington Royals batting - Pitching for Baltimore (APP) Orioles : RHP Jun-seok Pak
|
|
Pitching: RHP Jun-seok Pak
|
|
|
Batting: LHB Bobby Gonzalez
|
0-0: Ball 1-0: Called Strike 1-1: Ball 2-1: Foul Ball, location: 2F 2-2: Foul Ball, location: 2F 2-2: Ground out 3-1 (Groundball, 13, EV 81.2 MPH)
|
|
Batting: SHB Bill Ertl
|
0-0: Ball 1-0: Ball 2-0: Called Strike 2-1: Foul Ball, location: 2F 2-2: Strikes out swinging
|
|
Batting: LHB Mike Bhatti
|
0-0: Called Strike 0-1: Called Strike 0-2: Ball 1-2: SINGLE (Groundball, 6MD, EV 94.4 MPH)
|
|
Batting: RHB Nick Julien
|
0-0: Called Strike 0-1: Foul Ball, location: 2F 0-2: Foul Ball, location: 2F 0-2: Ball 1-2: Strikes out swinging
|
| Bottom of the 1st over - 0 runs, 1 hit, 0 errors, 1 left on base; Baltimore (APP) 5 - Burlington 0 |
| TOP OF THE 2ND |
|
Baltimore (APP) Orioles batting - Pitching for Burlington Royals : RHP Kolenka Leschenya
|
|
Batting: LHB Sam Williams
|
0-0: DOUBLE (Line Drive, 7LS, EV 99.4 MPH)
|
|
Batting: RHB Wil Ochoa
|
0-0: Ball 1-0: Ball 2-0: Foul Ball, location: 2F 2-1: Ball 3-1: Called Strike 3-2: Foul Ball, location: 2F 3-2: DOUBLE (Flyball, 78XD, EV 105.0 MPH) Sam Williams scores
|
|
Batting: LHB Keith Long
|
0-0: Ball 1-0: Called Strike 1-1: Ball 2-1: Ball 3-1: Called Strike 3-2: Strikes out swinging
|
|
Batting: RHB Matthew Neal
|
0-0: Swinging Strike 0-1: Ball 1-1: Swinging Strike 1-2: Ball 2-2: Ball 3-2: Base on Balls
|
|
Pitching: RHP Neil Drain
|
|
|
Batting: LHB Ralph Braine
|
0-0: Called Strike 0-1: Foul Ball, location: 2F 0-2: Ball 1-2: Ball 2-2: Ball 3-2: Foul Ball, location: 2F 3-2: Fielders Choice at 2nd, 3-6 (Groundball, 3, EV 104.4 MPH) Wil Ochoa to third
|
|
Batting: RHB Ismael Macedo
|
0-0: Ball 1-0: Ground out 5-3 (Groundball, 56, EV 102.5 MPH)
|
| Top of the 2nd over - 1 run, 2 hits, 0 errors, 2 left on base; Baltimore (APP) 6 - Burlington 0 |
| BOTTOM OF THE 2ND |
|
Burlington Royals batting - Pitching for Baltimore (APP) Orioles : RHP Jun-seok Pak
|
|
Batting: RHB Phil Hamby
|
0-0: Ball 1-0: Foul Ball, location: 2F 1-1: Ball 2-1: Foul Ball, location: 2F 2-2: Ball 3-2: Strikes out swinging
|
|
Batting: LHB Pablo Serrato
|
0-0: Ball 1-0: Called Strike 1-1: Called Strike 1-2: Fly out, F9 (Flyball, 89M, EV 88.8 MPH)
|
|
Batting: RHB Carlos Almada
|
0-0: Fly out, F7 (Flyball, 7LM, EV 100.6 MPH)
|
| Bottom of the 2nd over - 0 runs, 0 hits, 0 errors, 0 left on base; Baltimore (APP) 6 - Burlington 0 |
| TOP OF THE 3RD |
|
Baltimore (APP) Orioles batting - Pitching for Burlington Royals : RHP Neil Drain
|
|
Batting: RHB Marquis Major
|
0-0: Swinging Strike 0-1: Ball 1-1: Foul Ball, location: 2F 1-2: Strikes out swinging
|
|
Batting: SHB Chris Wright
|
0-0: Foul Ball, location: 2F 0-1: Ball 1-1: Ground out 6-3 (Groundball, 6, EV 100.6 MPH)
|
|
Batting: RHB Wes Reynolds
|
0-0: Ball 1-0: SINGLE (Groundball, 4M, EV 100.0 MPH) (infield hit)
|
|
Pitching: RHP Greg Sell
|
|
|
Batting: LHB Sam Williams
|
0-0: Foul Ball, location: 2F 0-1: Ball 1-1: Foul Ball, location: 2F 1-2: Ball 2-2: Strikes out swinging
|
| Top of the 3rd over - 0 runs, 1 hit, 0 errors, 1 left on base; Baltimore (APP) 6 - Burlington 0 |
| BOTTOM OF THE 3RD |
|
Burlington Royals batting - Pitching for Baltimore (APP) Orioles : RHP Jun-seok Pak
|
|
Batting: SHB Danny Ballenger
|
0-0: Ball 1-0: Called Strike 1-1: Foul Ball, location: 2F 1-2: Ball 2-2: Ball 3-2: Strikes out looking
|
|
Batting: RHB Bobby Matyas
|
0-0: Foul Ball, location: 2F 0-1: Ground out 6-3 (Groundball, 6, EV 91.9 MPH)
|
|
Batting: LHB Bobby Gonzalez
|
0-0: SINGLE (Groundball, 4S, EV 96.9 MPH)
|
|
Batting: SHB Bill Ertl
|
0-0: Ball 1-0: Fielders Choice at 2nd, 5-4 (Groundball, 6, EV 101.2 MPH)
|
| Bottom of the 3rd over - 0 runs, 1 hit, 0 errors, 1 left on base; Baltimore (APP) 6 - Burlington 0 |
| TOP OF THE 4TH |
|
Baltimore (APP) Orioles batting - Pitching for Burlington Royals : RHP Greg Sell
|
|
Batting: RHB Wil Ochoa
|
0-0: DOUBLE (Flyball, 8LXD, EV 103.8 MPH)
|
|
Batting: LHB Keith Long
|
0-0: Called Strike 0-1: Ball 1-1: Ball 2-1: Foul Ball, location: 2F 2-2: 2-RUN HOME RUN (Flyball, 8LXD, EV 115.6 MPH), Distance : 442 ft
|
|
Batting: RHB Matthew Neal
|
0-0: Ball 1-0: Called Strike 1-1: SOLO HOME RUN (Flyball, 7D, EV 95.6 MPH), Distance : 382 ft
|
|
Batting: LHB Ralph Braine
|
0-0: Ball 1-0: Fly out, F8 (Flyball, 78D, EV 101.9 MPH)
|
|
Batting: RHB Ismael Macedo
|
0-0: Ball 1-0: Called Strike 1-1: Ball 2-1: Hit by Pitch
|
|
Pitching: LHP Butch Ott
|
|
|
Batting: RHB Marquis Major
|
0-0: Ball 1-0: Foul Ball, location: 2F 1-1: Foul Ball, location: 2F 1-2: Ball 2-2: Foul Ball, location: 2F 2-2: Ball 3-2: Base on Balls Ismael Macedo to second
|
|
Batting: SHB Chris Wright
|
0-0: SINGLE (Line Drive, 7S, EV 108.1 MPH) Ismael Macedo to third Marquis Major to second
|
|
Batting: RHB Wes Reynolds
|
0-0: Called Strike 0-1: Ball 1-1: SINGLE (Groundball, 4MD, EV 96.9 MPH) Ismael Macedo scores Marquis Major to third Chris Wright to second
|
|
Batting: LHB Sam Williams
|
0-0: Ball 1-0: Called Strike 1-1: Grounds into double play, U6-3 (Groundball, 4M, EV 100.0 MPH)
|
| Top of the 4th over - 4 runs, 5 hits, 0 errors, 2 left on base; Baltimore (APP) 10 - Burlington 0 |
| BOTTOM OF THE 4TH |
|
Burlington Royals batting - Pitching for Baltimore (APP) Orioles : RHP Jun-seok Pak
|
|
Batting: LHB Mike Bhatti
|
0-0: Called Strike 0-1: Foul Ball, location: 2F 0-2: Foul Ball, location: 2F 0-2: Strikes out swinging
|
|
Batting: RHB Nick Julien
|
0-0: Ground out U3 (Groundball, 34S, EV 70.6 MPH)
|
|
Batting: RHB Phil Hamby
|
0-0: Ball 1-0: Called Strike 1-1: Ground out 6-3 (Groundball, 6MS, EV 92.5 MPH)
|
| Bottom of the 4th over - 0 runs, 0 hits, 0 errors, 0 left on base; Baltimore (APP) 10 - Burlington 0 |
| TOP OF THE 5TH |
|
Baltimore (APP) Orioles batting - Pitching for Burlington Royals : LHP Butch Ott
|
|
Batting: RHB Wil Ochoa
|
0-0: Fly out, F6 (Popup, 56D, EV 53.1 MPH)
|
|
Batting: LHB Keith Long
|
0-0: Ball 1-0: Foul Ball, location: 2F 1-1: Swinging Strike 1-2: Ball 2-2: Foul Ball, location: 2F 2-2: Ball 3-2: Foul Ball, location: 2F 3-2: Ground out 3-1 (Groundball, 34S, EV 88.1 MPH)
|
|
Pitching: LHP Ken Milhouse
|
|
|
Batting: RHB Matthew Neal
|
0-0: Ball 1-0: Ball 2-0: Foul Ball, location: 2F 2-1: Ball 3-1: Fly out, F8 (Flyball, 8LS, EV 76.9 MPH)
|
| Top of the 5th over - 0 runs, 0 hits, 0 errors, 0 left on base; Baltimore (APP) 10 - Burlington 0 |
| BOTTOM OF THE 5TH |
|
Burlington Royals batting - Pitching for Baltimore (APP) Orioles : RHP Jun-seok Pak
|
|
Batting: LHB Pablo Serrato
|
0-0: Fly out, F8 (Flyball, 8LS, EV 94.4 MPH)
|
|
Batting: RHB Carlos Almada
|
0-0: Called Strike 0-1: Ball 1-1: Ball 2-1: Ball 3-1: Fly out, F9 (Flyball, 9S, EV 82.5 MPH)
|
|
Batting: SHB Danny Ballenger
|
0-0: Called Strike 0-1: Foul Ball, location: 2F 0-2: Ball 1-2: Ground out 6-3 (Groundball, 4MD, EV 84.4 MPH)
|
| Bottom of the 5th over - 0 runs, 0 hits, 0 errors, 0 left on base; Baltimore (APP) 10 - Burlington 0 |
| TOP OF THE 6TH |
|
Baltimore (APP) Orioles batting - Pitching for Burlington Royals : LHP Ken Milhouse
|
|
Batting: LHB Ralph Braine
|
0-0: Called Strike 0-1: Ball 1-1: Swinging Strike 1-2: Ball 2-2: DOUBLE (Line Drive, 7LM, EV 103.1 MPH)
|
|
Batting: RHB Ismael Macedo
|
0-0: Called Strike 0-1: Swinging Strike 0-2: Foul Ball, location: 2F 0-2: Ball 1-2: Ball 2-2: SINGLE (Line Drive, 56D, EV 103.8 MPH) Ralph Braine to third
|
|
Batting: RHB Marquis Major
|
0-0: Ball 1-0: Ball 2-0: Ball 3-0: Base on Balls Ismael Macedo to second
|
|
Pitching: RHP Jordan Viveros
|
|
|
Batting: SHB Chris Wright
|
0-0: Foul Ball, location: 2F 0-1: Ball 1-1: Foul Ball, location: 2F 1-2: Foul Ball, location: 2F 1-2: Strikes out swinging
|
|
Batting: RHB Wes Reynolds
|
0-0: Grounds into double play, 6-4-3 (Groundball, 6, EV 81.9 MPH)
|
| Top of the 6th over - 0 runs, 2 hits, 0 errors, 2 left on base; Baltimore (APP) 10 - Burlington 0 |
| BOTTOM OF THE 6TH |
|
Burlington Royals batting - Pitching for Baltimore (APP) Orioles : RHP Jun-seok Pak
|
|
Batting: RHB Bobby Matyas
|
0-0: Called Strike 0-1: Ground out 5-3 (Groundball, 56, EV 104.4 MPH)
|
|
Batting: LHB Bobby Gonzalez
|
0-0: Called Strike 0-1: Called Strike 0-2: Strikes out swinging
|
|
Batting: SHB Bill Ertl
|
0-0: Ball 1-0: SINGLE (Line Drive, 3D, EV 107.5 MPH)
|
|
Batting: LHB Mike Bhatti
|
0-0: SINGLE (Groundball, 6MD, EV 93.8 MPH) Bill Ertl to second
|
|
Batting: RHB Nick Julien
|
0-0: Fly out, F4 (Popup, 4D, EV 71.9 MPH)
|
| Bottom of the 6th over - 0 runs, 2 hits, 0 errors, 2 left on base; Baltimore (APP) 10 - Burlington 0 |
| TOP OF THE 7TH |
|
Baltimore (APP) Orioles batting - Pitching for Burlington Royals : RHP Jordan Viveros
|
|
Batting: LHB Sam Williams
|
0-0: Called Strike 0-1: Fly out, F8 (Flyball, 8LXD, EV 99.4 MPH)
|
|
Batting: RHB Wil Ochoa
|
0-0: Foul Ball, location: 2F 0-1: Ball 1-1: Ground out 5-3 (Groundball, 56, EV 104.4 MPH)
|
|
Pinch Hitting: RHB Josh Hopp
|
0-0: Ball 1-0: Ball 2-0: Foul Ball, location: 2F 2-1: Ball 3-1: DOUBLE (Line Drive, 9LD, EV 103.8 MPH)
|
|
Batting: RHB Matthew Neal
|
0-0: Called Strike 0-1: Foul Ball, location: 2F 0-2: Ball 1-2: Strikes out looking
|
| Top of the 7th over - 0 runs, 1 hit, 0 errors, 1 left on base; Baltimore (APP) 10 - Burlington 0 |
| BOTTOM OF THE 7TH |
|
Burlington Royals batting - Pitching for Baltimore (APP) Orioles : RHP Jun-seok Pak
|
|
Now in RF: Josh Hopp
|
|
|
Pinch Hitting: RHB Jason Conner
|
0-0: Fly out, F8 (Flyball, 8LD, EV 95.0 MPH)
|
|
Pinch Hitting: RHB Dave Saldana
|
0-0: Ball 1-0: Ball 2-0: Ball 3-0: Called Strike 3-1: Foul Ball, location: 2F 3-2: Base on Balls
|
|
Batting: RHB Carlos Almada
|
0-0: Ball Dave Saldana steals 2nd base (no throw) 1-0: Foul Ball, location: 2F 1-1: Ball 2-1: Ground out 5-3 (Groundball, 56S, EV 89.4 MPH)
|
|
Batting: SHB Danny Ballenger
|
0-0: Called Strike 0-1: Called Strike 0-2: Ball 1-2: SINGLE (Line Drive, 7LS, EV 103.8 MPH) Dave Saldana to third
|
|
Pinch Hitting: RHB Carlos Santoni
|
0-0: Ball 1-0: Called Strike 1-1: Fielders Choice at 2nd, 5-4 (Groundball, 56, EV 106.2 MPH)
|
| Bottom of the 7th over - 0 runs, 1 hit, 0 errors, 2 left on base; Baltimore (APP) 10 - Burlington 0 |
| TOP OF THE 8TH |
|
Baltimore (APP) Orioles batting - Pitching for Burlington Royals : RHP Jordan Viveros
|
|
Pitching: RHP Vance Coen
|
|
|
Now at 2B: Carlos Santoni
|
|
|
Now in LF: Jason Birge
|
|
|
Now in CF: Dave Saldana
|
|
|
Now in RF: Bobby Gonzalez
|
|
|
Batting: LHB Ralph Braine
|
0-0: Ball 1-0: Ball 2-0: Ball 3-0: Called Strike 3-1: Foul Ball, location: 2F 3-2: Base on Balls
|
|
Batting: RHB Ismael Macedo
|
0-0: Ball 1-0: Called Strike 1-1: Foul Ball, location: 2F 1-2: Ball 2-2: Strikes out swinging
|
|
Batting: RHB Marquis Major
|
0-0: Called Strike 0-1: Foul Ball, location: 2F 0-2: Ball 1-2: Foul Ball, location: 2F 1-2: Ball 2-2: Grounds into double play, 4-6-3 (Groundball, 4, EV 89.4 MPH)
|
| Top of the 8th over - 0 runs, 0 hits, 0 errors, 0 left on base; Baltimore (APP) 10 - Burlington 0 |
| BOTTOM OF THE 8TH |
|
Burlington Royals batting - Pitching for Baltimore (APP) Orioles : RHP Jun-seok Pak
|
|
Batting: LHB Bobby Gonzalez
|
0-0: Ball 1-0: Ball 2-0: Called Strike 2-1: Swinging Strike 2-2: Foul Ball, location: 2F 2-2: Fly out, F8 (Line Drive, 8RM, EV 98.1 MPH)
|
|
Pinch Hitting: RHB Jonas Fernandez
|
0-0: SINGLE (Groundball, 6D, EV 110.0 MPH)
|
|
Batting: LHB Mike Bhatti
|
0-0: Ball 1-0: Ball 2-0: Foul Ball, location: 2F 2-1: Called Strike 2-2: Ball 3-2: Fly out, F9 (Flyball, 89M, EV 98.1 MPH)
|
|
Pitching: LHP Lawson Noseworthy
|
|
|
Batting: RHB Chang-keun Baik
|
0-0: Ball 1-0: Ball 2-0: 2-RUN HOME RUN (Flyball, 7D, EV 100.0 MPH), Distance : 372 ft
|
|
Batting: RHB Jason Birge
|
0-0: Called Strike 0-1: Ground out 6-3 (Groundball, 56, EV 104.4 MPH)
|
| Bottom of the 8th over - 2 runs, 2 hits, 0 errors, 0 left on base; Baltimore (APP) 10 - Burlington 2 |
| TOP OF THE 9TH |
|
Baltimore (APP) Orioles batting - Pitching for Burlington Royals : RHP Vance Coen
|
|
Now at SS: Jonas Fernandez
|
|
|
Batting: SHB Chris Wright
|
0-0: Ball 1-0: Swinging Strike 1-1: Hit by Pitch
|
|
Batting: RHB Wes Reynolds
|
0-0: Called Strike 0-1: Ball 1-1: Foul Ball, location: 2F 1-2: SINGLE (Line Drive, 78S, EV 106.9 MPH) Chris Wright to second
|
|
Batting: LHB Sam Williams
|
0-0: Called Strike 0-1: Ball 1-1: Swinging Strike 1-2: Ball 2-2: Foul Ball, location: 2F 2-2: 3-RUN HOME RUN (Flyball, 89XD, EV 117.5 MPH), Distance : 468 ft
|
|
Batting: RHB Wil Ochoa
|
0-0: Ball 1-0: Called Strike 1-1: SINGLE (Groundball, 4MD, EV 98.8 MPH)
|
|
Batting: RHB Josh Hopp
|
0-0: DOUBLE (Line Drive, 5D, EV 96.2 MPH) Wil Ochoa to third
|
|
Batting: RHB Matthew Neal
|
0-0: Swinging Strike 0-1: Called Strike 0-2: Ball 1-2: Ball 2-2: Fly out, F3 (Popup, 3, EV 57.5 MPH)
|
|
Batting: LHB Ralph Braine
|
0-0: Foul Ball, location: 2F 0-1: Called Strike 0-2: Fly out, F7 (Flyball, 7, EV 90.0 MPH)
|
|
Pitching: RHP Adam Krieger
|
|
|
Batting: RHB Ismael Macedo
|
0-0: Called Strike 0-1: Called Strike 0-2: Ball 1-2: Ball 2-2: Ground out 6-3 (Groundball, 6, EV 89.4 MPH)
|
| Top of the 9th over - 3 runs, 4 hits, 0 errors, 2 left on base; Baltimore (APP) 13 - Burlington 2 |
| BOTTOM OF THE 9TH |
|
Burlington Royals batting - Pitching for Baltimore (APP) Orioles : LHP Lawson Noseworthy
|
|
Batting: RHB Dave Saldana
|
0-0: SINGLE (Groundball, 34D, EV 94.4 MPH)
|
|
Batting: RHB Carlos Almada
|
0-0: Fielders Choice at 2nd, 4-6 (Groundball, 4, EV 88.1 MPH)
|
|
Pinch Hitting: RHB Ian Hornsby
|
0-0: Fly out, F8 (Flyball, 8RM, EV 80.6 MPH)
|
|
Batting: RHB Carlos Santoni
|
0-0: Ball 1-0: Called Strike 1-1: Ball 2-1: Foul Ball, location: 2F 2-2: Foul Ball, location: 2F 2-2: Strikes out swinging
|
| Bottom of the 9th over - 0 runs, 1 hit, 0 errors, 1 left on base; Baltimore (APP) 13 - Burlington 2 |
|